Unix NetHack Version 5.0.0-0 post-release - last build May 10 2026 23:12:36 (d1fa5d53e341ca933230fdaa984d921c805b60aa,branch:main).

Game began 2026-05-13 00:43:55, ended 2026-05-13 00:48:53.

Kwijibo4686, neutral female human Valkyrie

                  -----
                  ..d.|                       ---.---
                  |r..|                   ####-.....|            --------
                  |.<.|                  ##   |.....|         ###.......|
                  -.---      -----------###   |.....|         #  |......|
                   #         |.........|#     |...`.|         # #.......|
                   ###       |.....{....#     |.....|         # #------.-
                     #    ###..........|#     -.....|         #        #
                     #    #  |.......(.|      --|----        ##        #
                     #    #  -----------        ##          ##         #
                     #    #                      ##     #####          ##
                     #    #                       ##    #           ----.-
                   --.--- #                        #    #           |....|
                   |.....###                       #    %           |....|
                   |....| #                       -|----#           |....|
                   |.....##                       |..>.|#           |{...|
                   |..{.|                         |....|#           ------
                   |....|                         |..{..#
                   ------                         ------

Kwijibo4686 the Wererat     St:16 Dx:12 Co:18 In:11 Wi:9 Ch:9  Neutral
Dlvl:5  $:21 HP:6(6) Pw:10(10) AC:6  HD:2 T:826  Overloaded

Latest messages:
 The wererat misses!
 You kill the wererat!
 The sewer rat misses!
 The sewer rat misses!
 You see here a partly eaten giant rat corpse.
 You kill the sewer rat!
 Barky bites!
 Barky bites!
 You miss barky.
 Barky misses!
 Barky bites!
 What do you want to throw? [$b or ?*] 1
 Count: 1 d
 In what direction? 8
 Barky seems more amiable.
 Barky devours an uncursed food ration.
 You descend the stairs.
 Barky misses Drastanta's ghost.
 You climb up the stairs.
 You hit the kobold shaman.
 You kill the kobold shaman!
 Welcome to experience level 3.
 You feel stealthy!
 p - a white potion.
 q - an iron wand.
 What do you want to write with? [- abmq or ?*] -
 You write in the dust with your fingertip.
 What do you want to write in the dust here? dsfdf
 What do you want to write with? [- abmq or ?*] ?
 This iron wand is a wand of digging!
 You wipe out the message that was written in the dust here.
 You engrave in the floor with a wand of digging.
 What do you want to engrave in the floor here? sdfdff
 Gravel flies up from the floor.
 You kill the brown mold!
 You see here a chest.
 Hmmm, the chest turns out to be locked.
 You hear someone cursing shoplifters.
 You climb up the stairs.
 You can't go up here.
 You descend the stairs.
 You turn into a wererat!
 Your armor falls around you!
 You can't even move a handspan with this load!
 You shrink out of your apron!
 You can no longer hold your shield!
 You find you must drop your spear!
 Use the command #monster to summon help.
 Really quit without saving? [yn] (n) y
 Do you want your possessions identified? [ynq] (y) q

Inventory:
 Coins    ('$')
  $ - 21 gold pieces
 Amulets  ('"')
  l - a cursed amulet of flying
 Weapons  (')')
  b - a +0 dagger (alternate weapon; not wielded)
 Comestibles  ('%')
  d - 2 uncursed food rations
 Scrolls  ('?')
  o - an uncursed scroll of amnesia
  k - an uncursed scroll of destroy armor
 Spellbooks  ('+')
  h - an uncursed spellbook of slow monster
 Potions  ('!')
  i - 2 uncursed potions of extra healing
  j - a blessed potion of healing
  p - an uncursed potion of levitation
  f - an uncursed potion of paralysis
  n - an uncursed potion of sickness
 Wands    ('/')
  q - a blessed wand of digging (0:7)
  m - a blessed wand of stasis (0:4)

Kwijibo4686 the Valkyrie's attributes:

Background:
 You were in female wererat form.
 You were actually a Skirmisher, a level 3 human Valkyrie.
 You were neutral, on a mission for Odin
 who was opposed by Tyr (lawful) and Loki (chaotic).
 You were normally right-handed.
 You were in the Dungeons of Doom, on level 5.
 You entered the dungeon 826 turns ago.
 It was the midnight hour.

Basics:
 You had all 6 hit points.
 You had all 10 energy points (spell power).
 You had 2 hit dice.
 Your armor class was 6.
 Your wallet contained 21 zorkmids.
 Autopickup was on for '$?!/="' plus thrown.

Final Characteristics:
 Your strength was 16.
 Your dexterity was 12.
 Your constitution was 18.
 Your intelligence was 11.
 Your wisdom was 9.
 Your charisma was 9.

Final Status:
 You were transformed.
 You weren't hungry.
 You were overloaded; movement was not possible.
 You weren't wielding anything.
 You were unskilled in bare handed combat.
 You weren't wearing any armor.

Final Attributes:
 You were fervently aligned.
 You were cold resistant.
 You were poison resistant.
 You were level-drain resistant.
 You were stealthy.
 You regenerated.
 You were a wererat in beast form.
 You were harmed by silver.
 You survived.

Miscellaneous:
 You encountered 2 bones levels.
 Total elapsed playing time was 4 minutes and 57 seconds.

Major events:
 Turn
    1: Kwijibo4686 the neutral human Valkyrie entered the dungeon
  765: attained the rank of Skirmisher (level 3)
  826: quit

You didn't know any spells.

Skills:
 Fighting Skills
   bare handed combat [Unskilled]
   two weapon combat  [Unskilled]
   riding             [Unskilled]
 Weapon Skills
   dagger             [Basic]
   axe                [Unskilled]
   pick-axe           [Unskilled]
   short sword        [Unskilled]
   broadsword         [Unskilled]
   long sword         [Unskilled]
   two-handed sword   [Unskilled]
   saber              [Unskilled]
   hammer             [Unskilled]
   quarterstaff       [Unskilled]
   polearms           [Unskilled]
   spear              [Basic]
   trident            [Unskilled]
   lance              [Unskilled]
   sling              [Unskilled]
 Spellcasting Skills
   attack spells      [Unskilled]
   escape spells      [Unskilled]

Voluntary challenges:
 Character rerolling was not enabled.
 You were an atheist.
 You never genocided any monsters.
 You never polymorphed an object.
 You used no wishes.
Achievement:
 You attained the rank of Skirmisher.

 The Dungeons of Doom: levels 1 to 6
    Level 1:
       Some fountains.
    Level 2:
    Level 3:
    Level 4:
    Level 5: <- You were here.
       Many fountains, a sink.
       Final resting place for
          h2g2-Ran-Elf-Fem-Cha, killed by a small mimic.
    Level 6:
       A grave.
       Final resting place for
          Drastanta-Wiz-Hum-Mal-Cha, killed by the wrath of Anhur.


Vanquished creatures:
  a kobold shaman
  a wererat
  2 giant rats
  a brown mold
  3 jackals
  a kobold
  a sewer rat
  3 grid bugs
  a kobold zombie
  4 newts
18 creatures vanquished.

No species were genocided or became extinct.

Farvel Kwijibo4686 the Valkyrie...

You quit in The Dungeons of Doom on dungeon level 5 with 493 points,
and 21 pieces of gold, after 826 moves.
You were level 3 with a maximum of 35 hit points when you quit.

